Map: Prion Terraces

Players

SortOf

  • Race: Zerg Zerg
  • League: Grandmaster

Dayshi - Winner!

  • Race: Terran Terran
  • League: Grandmaster

Event: 2016 WCS Winter Challenger Europe

VOD

Have the link to the VOD?

Description

Time

  • Played on: Feb. 13, 2016, 2:19 p.m.
  • Length: 17:54

All games in this series

Show
View Real Time Build Order
Export as new Build Order

SortOf Zerg 

Build Orders: Hatch First 

Get SALT Encoding   

  12  0:00  Drone  
  13  0:12  Overlord  
  13  0:17  Drone  
  14  0:31  Drone x2  
  14  0:35  Drone  
  17  0:45  Drone  
  18  0:55  Hatchery  
  17  0:58  Drone  
  17  1:00  Extractor  
  17  1:08  Drone  
  18  1:17  Spawning Pool  
  17  1:20  Drone  
  18  1:28  Drone  
  19  1:38  Overlord  
  19  1:50  Drone  
  20  2:04  Queen  
  20  2:05  Metabolic Boost, Zergling x2  
  23  2:11  Queen  
  23  2:13  Zergling x2  
  26  2:16  Drone  
  26  2:19  Zergling x2  
  28  2:25  Drone  
  29  2:31  Spore Crawler  
  29  2:34  Zergling x2  
  28  2:39  Queen  
  28  2:40  Overlord  
  28  2:42  Drone  
  32  2:46  Drone  
  32  2:49  Queen  
  34  2:53  Drone  
  35  3:01  Drone, Roach Warren  
  35  3:11  Zergling x4  
  37  3:18  Zergling x2  
  37  3:20  Drone x2  
  37  3:26  Overlord, Drone  
  40  3:27  Drone x4  
  44  3:36  Overlord  
  44  3:41  Extractor  
  43  3:51  Roach  
  43  3:52  Roach  
  43  3:53  Drone  
  43  3:54  Hatchery  
  47  4:02  Drone x2  
  47  4:03  Drone x2  
  47  4:05  Drone x3  
  47  4:09  Evolution Chamber  
  51  4:10  Overlord  
  51  4:15  Evolution Chamber  
  50  4:19  Roach  
  50  4:21  Overlord  
  52  4:28  Overlord  
  52  4:29  Drone  
  53  4:34  Drone  
  53  4:35  Drone, Extractor  
  54  4:41  Roach  
  54  4:43  Drone  
  54  4:44  Drone x2  
  59  4:47  Zerg Ground Armor Level 1  
  59  4:50  Drone x3  
  62  4:58  Roach  
  64  5:01  Zergling x2  
  65  5:07  Roach  
  65  5:09  Extractor  
  65  5:13  Roach  
  65  5:14  Roach x2  
  72  5:15  Drone  
  72  5:16  Drone x3  
  76  5:24  Drone  
  76  5:25  Drone  
  78  5:31  Roach x2  
  78  5:34  Lair  
  82  5:37  Overlord  
  82  5:42  Overlord x4  
  81  5:47  Overlord x3  
  75  5:54  Overlord x2  
  73  6:04  Drone x3  
  74  6:14  Ravager x4  
  74  6:17  Zerg Missile Weapons Level 1  
  74  6:18  Roach x2  
  82  6:24  Roach x2  
  83  6:34  Glial Reconstitution  
  83  6:35  Roach  
  85  6:45  Hatchery  
  85  6:46  Roach x5  
  95  6:47  Zergling x8  
  98  6:57  Overlord  
  96  7:07  Overlord x2  
  92  7:18  Zerg Ground Armor Level 2  
  92  7:19  Overlord, Hatchery  
  92  7:20  Drone x4  
  95  7:33  Drone, Roach x4  
  95  7:36  Overlord  
  103  7:43  Roach x2  
  106  7:51  Drone  
  107  7:55  Drone  
  107  7:56  Drone x3  
  109  7:59  Drone x2, Infestation Pit  
  110  8:12  Roach x5  
  120  8:18  Zerg Missile Weapons Level 2  
  120  8:24  Zergling x2  
  120  8:25  Extractor  
  120  8:27  Overlord  
  120  8:30  Zergling x2  
  120  8:34  Roach x3  
  127  8:39  Overlord  
  127  8:48  Roach x6  
  135  8:55  Roach x4  
  124  9:09  Zergling x6, Roach x2  
  122  9:10  Zergling x4, Roach x2  
  122  9:11  Zergling x2  
  122  9:12  Zergling x2  
  117  9:21  Drone  
  117  9:22  Drone x6  
  117  9:23  Overlord  
  122  9:29  Drone x4  
  126  9:45  Overseer  
  126  9:46  Pathogen Glands, Extractor  
  126  9:47  Zerg Melee Weapons Level 1, Hive  
  126  9:50  Queen  
  126  9:52  Roach x3  
  133  9:58  Roach x3  
  138  10:06  Roach  
  127  10:11  Roach x3  
  127  10:12  Roach  
  125  10:15  Roach x5  
  125  10:19  Ravager x4  
  139  10:22  Drone x3  
  142  10:31  Ravager  
  130  10:39  Roach x9  
  136  10:54  Roach x4  
  144  11:07  Infestor x2, Hatchery  
  144  11:08  Overlord  
  144  11:10  Extractor x2  
  143  11:20  Overlord, Infestor  
  143  11:25  Zergling x2  
  145  11:33  Ravager  
  145  11:34  Infestor  
  148  11:45  Zergling x2  
  148  11:46  Hatchery, Zergling x2  
  149  11:52  Zergling x10  
  151  12:06  Roach  
  151  12:07  Roach x3  
  153  12:10  Zergling x2  
  153  12:12  Zergling x2  
  153  12:13  Zergling x2  
  151  12:16  Infestor  
  151  12:18  Overlord  
  151  12:20  Infestor x3  
  158  12:36  Drone  
  159  12:42  Ultralisk Cavern  
  158  12:45  Zergling x18  
  158  12:48  Overlord  
  166  13:01  Zerg Ground Armor Level 3, Zerg Melee Weapons Level 2  
  166  13:04  Overlord  
  166  13:08  Hatchery  
  157  13:31  Ultralisk x2  
  163  13:34  Overlord  
  163  13:38  Ultralisk Cavern  
  155  13:44  Drone x4  
  147  14:03  Ravager  
  147  14:05  Adrenal Glands  
  147  14:07  Spire  
  147  14:08  Infestor  
  147  14:09  Zergling x2  
  150  14:10  Zergling x18  
  159  14:24  Zergling x2  
  159  14:25  Zergling x18  
  158  14:45  Ultralisk x2  
  144  14:46  Zergling x4  
  145  14:56  Chitinous Plating  
  139  15:03  Zergling x18  
  138  15:10  Drone x2  
  138  15:13  Drone x2  
  140  15:19  Infestor x2  
  144  15:22  Queen  
  146  15:29  Drone x2  
  146  15:34  Drone x3  
  149  15:47  Hatchery  
  149  15:48  Infestor  
  141  15:53  Infestor x2  
  145  16:07  Hatchery  
  144  16:15  Ultralisk  
  150  16:21  Corruptor  
  151  16:28  Ultralisk  
  151  16:32  Ravager x3  
  160  16:34  Overlord  
  160  16:37  Drone x2  
  160  16:39  Drone  
  163  16:45  Drone x3  
  161  16:57  Drone  
  161  16:58  Drone x2  
  164  17:07  Zergling x10  
  167  17:11  Overseer x2  
  157  17:32  Zergling x10  
Show
View Real Time Build Order
Export as new Build Order

Dayshi Terran - Winner!

Build Orders: MMM Bio 

Get SALT Encoding   

  12  0:00  SCV  
  13  0:13  SCV  
  14  0:17  Supply Depot  
  14  0:25  SCV  
  15  0:38  SCV  
  15  0:39  Barracks  
  16  0:43  Refinery  
  16  0:51  SCV  
  17  1:03  SCV  
  18  1:04  Barracks  
  18  1:15  SCV  
  19  1:27  Reaper, Orbital Command  
  19  1:32  Supply Depot  
  20  1:39  Refinery  
  20  1:51  Reaper  
  20  1:53  SCV  
  22  2:03  Reaper  
  22  2:05  SCV  
  24  2:18  Command Center  
  24  2:22  SCV  
  25  2:24  Reaper  
  26  2:34  SCV  
  26  2:36  Reaper  
  28  2:46  Factory, SCV  
  29  2:57  Barracks Reactor  
  29  2:58  SCV  
  30  3:09  Barracks Tech Lab  
  30  3:10  SCV  
  31  3:30  SCV, Orbital Command  
  31  3:33  Marine x3  
  35  3:34  Stimpack  
  35  3:35  Bunker, Starport  
  35  3:44  Supply Depot  
  35  3:46  Factory Reactor  
  35  3:48  SCV  
  35  4:03  SCV  
  35  4:04  SCV  
  35  4:05  Bunker  
  35  4:06  Marine  
  35  4:07  Supply Depot  
  35  4:09  Marine x2  
  40  4:20  SCV x2  
  40  4:24  Marine  
  42  4:27  Marine x2  
  45  4:32  Supply Depot, Medivac x2  
  45  4:35  SCV x2  
  51  4:42  Marine  
  52  4:45  Marine x2  
  52  4:46  Factory Tech Lab  
  52  4:50  Supply Depot  
  54  4:54  SCV x2  
  56  5:00  Marine  
  56  5:03  Marine  
  56  5:06  SCV x2  
  60  5:12  Command Center, Engineering Bay  
  60  5:16  Engineering Bay  
  60  5:18  SCV  
  60  5:20  Siege Tank  
  64  5:29  SCV  
  64  5:30  SCV, Marine x3  
  69  5:41  SCV  
  69  5:42  SCV  
  70  5:52  Terran Infantry Weapons Level 1  
  70  5:53  Terran Infantry Armor Level 1  
  70  5:54  Barracks  
  70  5:55  Supply Depot, Barracks  
  70  6:02  Refinery  
  70  6:03  Refinery  
  70  6:04  Supply Depot  
  70  6:15  Combat Shields  
  70  6:16  SCV x2, Medivac, Marine x3  
  77  6:24  Barracks  
  77  6:25  Barracks  
  77  6:31  Barracks  
  77  6:32  Siege Tank  
  73  6:34  Marine x3  
  73  6:35  Orbital Command  
  76  6:42  SCV x2  
  76  6:43  Barracks Tech Lab  
  76  6:44  Barracks Tech Lab  
  78  6:52  Marine x2  
  80  6:54  Marine  
  80  7:09  Marauder x2, Concussive Shells, Marine  
  80  7:10  Marauder  
  80  7:11  SCV x2  
  80  7:12  Armory, Orbital Command  
  89  7:16  Barracks Reactor  
  89  7:18  Marine x3  
  89  7:21  Supply Depot  
  92  7:23  SCV x2  
  92  7:26  Supply Depot  
  92  7:27  Marine  
  95  7:30  Marauder x2  
  95  7:31  Marauder  
  95  7:36  Marine x2  
  101  7:39  Barracks Reactor  
  100  7:45  Marine  
  101  7:51  Marauder  
  101  7:52  Marauder  
  101  7:55  Marauder, Marine x3  
  107  8:01  Marine  
  107  8:03  SCV, Marine  
  107  8:04  SCV  
  107  8:05  SCV  
  105  8:12  Marine  
  105  8:13  Marauder x2, Marine x2  
  105  8:16  Terran Infantry Weapons Level 2, Marauder  
  105  8:17  Terran Infantry Armor Level 2  
  114  8:25  Marine x2  
  114  8:26  Marine x2  
  118  8:29  SCV x2  
  118  8:30  Marine  
  118  8:31  Supply Depot  
  118  8:33  SCV  
  118  8:34  Supply Depot, Marauder  
  122  8:40  Supply Depot  
  122  8:41  Supply Depot, SCV  
  125  8:52  Marauder, SCV, Marine x2  
  125  8:53  Marauder  
  125  8:56  Marauder  
  125  9:00  Marine x5  
  121  9:09  Marine  
  112  9:14  Marauder x2, Marine  
  111  9:17  Marauder, Marine x2  
  111  9:20  Siege Tank, Medivac x2, Marine  
  111  9:21  Marine x2  
  111  9:23  Command Center  
  121  9:25  Refinery  
  121  9:26  Refinery  
  121  9:27  Marine  
  121  9:32  Marine  
  121  9:35  Marauder x2, Marine x2  
  130  9:38  Marauder, Marine x3  
  130  9:45  Marine  
  133  9:50  Bunker, Medivac x2, Marine  
  139  9:53  Marine x2  
  139  9:56  Marine x3  
  139  9:57  Marauder x2  
  150  10:00  Marauder  
  150  10:03  Marine  
  133  10:08  Marine  
  133  10:11  Marine x2  
  117  10:14  Marine x2  
  117  10:18  Marauder x2, Barracks Tech Lab  
  117  10:21  Marauder, Command Center, Marine  
  123  10:26  Marine  
  121  10:29  Marine x2  
  121  10:32  Marine x2  
  123  10:39  Marauder x3, Marine  
  132  10:43  Marauder, Marine  
  132  10:46  Marine  
  132  10:47  Marine  
  132  10:49  Marine  
  134  10:50  Marine  
  134  10:57  Marine  
  134  11:01  Marauder x3, Marine  
  125  11:04  Marauder, Medivac, Marine x2  
  125  11:05  Medivac  
  125  11:07  Marine x2  
  125  11:10  Terran Infantry Weapons Level 3  
  131  11:14  Marine  
  132  11:19  Terran Infantry Armor Level 3  
  131  11:29  Marine x3  
  131  11:30  Marauder  
  131  11:32  Marauder  
  128  11:38  Orbital Command  
  128  11:50  Planetary Fortress  
  128  11:53  Marine  
  128  11:54  Marauder x2  
  132  12:05  Marauder, Liberator x2, Marine x5  
  132  12:06  Marauder  
  123  12:16  Marine  
  123  12:17  Marauder  
  123  12:18  Marauder  
  128  12:23  Marine x4  
  128  12:26  Ghost Academy  
  132  12:31  Marauder x2  
  132  12:32  Marine  
  137  12:38  Marauder  
  137  12:39  Marauder  
  137  12:40  Marine  
  135  12:52  Marauder  
  135  12:53  Marauder, Marine x4  
  139  12:59  Ghost, Orbital Command  
  139  13:00  Ghost  
  139  13:02  Refinery x2, Marine x2  
  139  13:03  Command Center  
  145  13:10  Marine  
  146  13:13  Ghost x2, Marine x2  
  146  13:19  Marine  
  151  13:20  Marine  
  145  13:27  Ghost  
  145  13:28  Marine x2  
  145  13:29  Marauder  
  143  13:42  Ghost, Marauder  
  143  13:44  Marine  
  143  13:50  Marine x2  
  143  13:51  Marauder  
  143  13:54  Marine  
  148  13:57  Marauder  
  148  14:01  Marine x2  
  148  14:02  Marine  
  143  14:04  Marauder  
  145  14:10  Ghost  
  145  14:12  Marauder  
  145  14:13  Personal Cloaking  
  145  14:15  Medivac x2  
  148  14:24  Marine x3  
  148  14:25  Marauder  
  153  14:36  Marauder, Marine  
  148  14:42  Ghost x2  
  128  14:48  Marauder, Marine x3  
  128  14:50  Marine x2  
  114  14:57  Marine  
  114  14:58  Marauder  
  114  15:02  Medivac x2  
  114  15:06  Marine x3  
  121  15:08  Marine x2  
  121  15:09  Ghost  
  121  15:11  Ghost  
  121  15:12  Marauder  
  129  15:15  Marine  
  129  15:19  Marine  
  129  15:20  Starport  
  129  15:21  Terran Ship Weapons Level 1  
  130  15:24  Marine x3  
  133  15:32  Ghost  
  135  15:36  Ghost  
  135  15:38  Marauder  
  135  15:39  Nuke  
  135  15:40  Ghost  
  135  15:41  Liberator x2  
  123  15:50  Marine x2  
  123  15:52  Marine x3  
  123  15:56  Marine  
  129  15:59  Ghost  
  129  16:01  Ghost  
  139  16:06  Marauder, Starport Reactor  
  139  16:08  Marine x3  
  139  16:09  Planetary Fortress, Factory Reactor  
  139  16:11  Marine x2  
  144  16:15  Marine x2  
  148  16:24  Liberator x2  
  147  16:27  Marauder x2  
  147  16:28  Marauder  
  147  16:29  Ghost  
  147  16:31  SCV x5  
  155  16:34  Marine x2  
  155  16:39  Marine x3  
  157  16:41  Marine  
  157  16:45  SCV x3  
  168  16:47  Command Center  
  168  16:48  Marauder x2  
  168  16:50  Marauder  
  168  16:52  Marine  
  175  16:59  Marauder  
  177  17:06  Marine  
  177  17:07  Marine  
  179  17:09  Ghost x2  
  179  17:11  Marauder  
  178  17:20  Marauder  
  173  17:23  Marine x3  
Tags
 
Add a new tag
Caveats
  • Supply blocks, unpowered buildings, or Contaminate may cause inaccurate times.
  • Supply counts are checked every 10 seconds.